 Dungeon Crawl Stone Soup version 0.21.1-1-g345015fe64 (webtiles) character file.

224063 Gargoyl the Severer (level 18, -4/173 HPs)
             Began as a Centaur Abyssal Knight on Feb 3, 2018.
             Was a High Priest of Lugonu.
             Slain by an orc knight
             ... wielding a +0 dire flail
              (23 damage)
             ... on level 2 of the Vaults on Feb 6, 2018.
             The game lasted 01:31:53 (49976 turns).

Gargoyl the Severer (Centaur Abyssal Knight)       Turns: 49976, Time: 01:31:55

Health: -4/173     AC: 35    Str: 30    XL:     18   Next: 58%
Magic:  18/29      EV:  8    Int: 13    God:    Lugonu [*****.]
Gold:   1413       SH:  9    Dex: 21    Spells: 17/17 levels left

rFire    + . .     SeeInvis .   a - +9 hand axe (flame)
rCold    . . .     Gourm    .   M - +2 buckler
rNeg     . . .     Faith    .   J - +4 chain mail {rF+}
rPois    +         Spirit   .   t - +0 helmet of the Thirsty Lovers {Str+10 Stlth+}
rElec    .         Reflect  .   v - +2 cloak {rPois}
rCorr    .         Harm     .   z - +2 pair of gloves
MR       +....     Clarity  +   L - +3 centaur barding of Kikubaaqudgha {Int+2 Dex+4}
Stlth    ..........             B - amulet of rage
HPRegen  0.38/turn              n - +5 ring of dexterity
MPRegen  0.21/turn              R - +6 ring of slaying

@: marked, very quick
A: large, hooves 3, clarity, deformed body, speed 2, robust 1, tough skin 3
}: 1/15 runes: gossamer
a: Depart the Abyss, Bend Space, Banish, Corrupt, Enter the Abyss, Renounce
Religion, Evoke Berserk Rage


You were on level 2 of the Vaults.
You worshipped Lugonu.
Lugonu was extremely pleased with you.
You were hungry.

You visited 5 branches of the dungeon, and saw 29 of its levels.
You visited the Abyss 4 times.
You also visited: Labyrinth, Sewer, Ossuary, Ice Cave and Volcano.

You collected 3000 gold pieces.
You spent 1587 gold pieces at shops.

Inventory:

Hand Weapons
 a - a +9 hand axe of flaming (weapon)
 p - a +1 broad axe
Missiles
 u - 41 tomahawks (quivered)
 C - 3 tomahawks of returning
Armour
 t - the +0 helmet of the Thirsty Lovers (worn) {Str+10 Stlth+}
   (You bought it in a shop on level 2 of the Orcish Mines)

   It affects your strength (+10).
   It makes you more stealthy.
 v - a +2 cloak of poison resistance (worn)
 z - a +2 pair of gloves (worn)
 J - a +4 chain mail of fire resistance (worn)
 L - the +3 centaur barding of Kikubaaqudgha (worn) {Int+2 Dex+4}
   (You acquired it on level 11 of the Dungeon)

   It affects your intelligence (+2).
   It affects your dexterity (+4).
 M - a +2 buckler (worn)
 N - a +2 cloak of magic resistance
 Z - the +3 crown of Dyrovepreva {rElec Int+2 SInv}
   (You bought it in a shop on level 2 of the Orcish Mines)

   It affects your intelligence (+2).
   It insulates you from electricity.
   It lets you see invisible.
Jewellery
 h - an uncursed ring of fire
 l - an uncursed amulet of the gourmand {unknown}
 m - an uncursed ring of protection from cold
 n - a +5 ring of dexterity (left hand)
 q - a cursed -3 ring of dexterity
 B - an amulet of rage (around neck)
 E - an uncursed ring of see invisible
 R - a +6 ring of slaying (right hand)
Wands
 d - a wand of iceblast (41)
 e - a wand of clouds (15)
 y - a wand of disintegration (19)
 I - a wand of acid (7)
 U - a wand of digging (48)
Scrolls
 b - 12 scrolls of remove curse
 g - 26 scrolls of identify
 i - 6 scrolls of magic mapping
 k - 4 scrolls of teleportation
 w - 6 scrolls of fog
 O - 2 scrolls of fear
 P - a scroll of brand weapon
 S - 3 scrolls of blinking
 V - a scroll of summoning
Potions
 f - 9 potions of curing
 j - 4 potions of magic
 o - 3 potions of haste
 r - 6 potions of agility
 s - 3 potions of heal wounds
 x - 2 potions of brilliance
 A - 2 potions of cancellation
 F - 3 potions of ambrosia
 H - 5 potions of berserk rage
 W - 6 potions of might
 X - a potion of invisibility
Comestibles
 c - 43 rations
 D - 4 chunks of flesh


   Skills:
 + Level 13.6 Fighting
 + Level 15.2 Axes
 + Level 3.4 Throwing
 * Level 15.1 Armour
 + Level 4.0 Dodging
 + Level 7.8 Shields
 * Level 15.1 Invocations
 + Level 1.6 Evocations


You had 17 spell levels left.
You didn't know any spells.

Dungeon Overview and Level Annotations

Branches:
Dungeon (15/15)            Temple (0/1) D:4            Lair (6/6) D:10
 Shoals (0/4) Lair:2       Spider (4/4) Lair:3        Slime (0/5) Lair:6
    Orc (2/2) D:10            Elf (0/3) Orc:2        Vaults (2/5) D:14
 Depths (0/5) D:15
  Crypt: Vaults:2-3

Altars:
Ashenzari
Cheibriados
Dithmenos
Elyvilon
Gozag
Hepliaklqana
Nemelex Xobeh
Trog
Uskayaw
Vehumet
Xom
Yredelemnul
Zin
The Shining One
Beogh
Jiyva

Shops:
Orc:2 }[[?%?[!

Annotations:
D:5 1 runed door
D:8 FortKnight's ghost, novice TrBe
Vaults:2 mora's ghost, adept MiBe


Innate Abilities, Weirdness & Mutations

You have hooves in place of feet.
Armour fits poorly on your strangely shaped body.
You cover ground very quickly.
You have extremely tough skin. (AC +3)
You possess an exceptional clarity of mind.
You are robust. (+10% HP)


Message History

You start resting.
A smoke demon comes into view.
You feel much better.
You hear a roar!
You are feeling hungry.
You pass through the gate.
Welcome back to the Vaults!
Level annotation: mora's ghost, adept MiBe A jumping spider comes into view.
The vault sentinel blows a loud note on a signal horn!
The deep elf archer unwields an uncursed short sword.
The deep elf archer wields an uncursed shortbow.
The deep elf archer shoots an arrow.
The arrow hits you!
* * * LOW HITPOINT WARNING * * *
The yaktaur captain wields an uncursed arbalest.
The yaktaur captain shoots a bolt.
The bolt hits you!
* * * LOW HITPOINT WARNING * * *
You block the ogre's attack.
The orc knight hits you with an uncursed dire flail!!
You die...

........# #..#
........# #..# .......#
#..# ...o...# #..#
#######.O..# #..#
#C....#....#########...
#.e...#[....(..........
#....Z'(...............
#...c.@OO..############
#....o#O.(.#
#....p#....#
#######Tse.# ......#
#####.# #.# #


You could see a yaktaur captain, 2 orc knights, a vault sentinel, 2 deep elf
archers, a cyclops, a troll, a jumping spider, 4 ogres and a yaktaur captain
simulacrum.

Vanquished Creatures
  A deep elf sorcerer (Vaults:2)
  An emperor scorpion (Spider:2)
  2 frost giants
  3 vault wardens
  4 ghost moths (Spider:4)
  The ghost of hofbold the Blocker, an adept GrGl of Qazlal (Spider:1)
  A ghoul (Vaults:1)
  A stone giant (Vaults:2)
  3 entropy weavers
  8 ironheart preservers
  A deep elf annihilator (Vaults:2)
  5 spark wasps
  A deep elf death mage (Vaults:2)
  A minotaur (Lab)
  2 ettins
  The ghost of RUZZLEFAZAZZLE the Cleaver, a journeyman HOFi of Okawaru (Lair:1)
  A fire dragon (Lair:6)
  2 yaktaur captains
  A vault guard (D:14)
  3 ice dragons
  2 rakshasas
  5 hydras
  Harold (D:11)
  Fannar (D:10)
  A catoblepas (D:15)
  2 death knights
  7 centaur warriors
  9 two-headed ogres
  3 ogre magi
  7 death yaks
  A queen ant (Spider:2)
  3 orc high priests (Orc:2)
  A deep elf knight (Vaults:1)
  Sonja (Lair:2)
  Nergalle (Lair:4)
  A fire crab (shapeshifter) (D:15)
  A golden dragon zombie (D:15)
  8 skeletal warriors
  4 deep trolls (Vaults:1)
  2 unseen horrors (D:13)
  An orange crystal statue (D:13)
  5 phantasmal warriors
  A swamp dragon (Lair:6)
  2 deep elf archers
  A wolf spider zombie (D:13)
  A wizard (Vaults:1)
  8 orc knights
  The ghost of hofbold the Covered, a novice GrGl of Okawaru (D:7)
  A lindwurm (Lair:5)
  A harpy (shapeshifter) (Vaults:1)
  4 ironbrand convokers
  3 necromancers
  18 orb spiders
  24 wolf spiders
  3 orc sorcerers (Orc:2)
  21 ugly things
  3 deep elf magi
  4 cyclopes
  4 moths of wrath
  2 manticores
  7 elephants
  Joseph (D:9)
  Maurice (D:8)
  4 black mambas
  A frost giant skeleton (D:15)
  5 vault sentinels
  5 gargoyles
  2 stone giant skeletons
  An ice statue (IceCv)
  An elf skeleton (D:15)
  5 torpor snails
  18 komodo dragons
  10 demonic crawlers
  5 freezing wraiths
  11 yaktaurs
  11 spiny frogs
  6 rime drakes
  A kobold demonologist (D:14)
  A harpy zombie (D:15)
  23 polar bears
  35 jumping spiders
  A queen bee (D:9)
  7 trolls
  3 meliai (D:15)
  14 hornets
  9 hippogriffs
  A human simulacrum (Vaults:1)
  A harpy skeleton (Vaults:1)
  18 blink frogs
  11 dream sheep
  An ettin zombie (Vaults:1)
  23 slime creatures
  2 flying skulls (Volcano)
  2 alligator skeletons (Volcano)
  A vampire (D:11)
  84 redbacks
  21 tarantellas
  An ettin skeleton (Vaults:1)
  6 wraiths
  2 wyverns (Lair:4)
  2 basilisks
  80 yaks
  5 vampire mosquitoes
  3 hungry ghosts
  3 steam dragons
  An ogre zombie (Vaults:1)
  6 wargs
  21 soldier ants
  15 water moccasins
  A soldier ant (shapeshifter) (Vaults:1)
  5 acid dragons
  A deep troll zombie (Vaults:1)
  13 porcupines
  4 swamp drakes (Lair:6)
  20 orc warriors
  Purgy (Sewer)
  2 ice beasts (D:11)
  An orc zombie (Vaults:1)
  A sky beast (D:5)
  5 necrophages (Lair:5)
  3 phantoms
  12 centaurs
  15 ogres
  51 wolves
  19 crocodiles
  4 elf zombies (Ossuary)
  14 bullfrogs
  3 big kobolds
  4 scorpions
  28 killer bees (D:9)
  9 wights (D:13)
  A troll skeleton (Volcano)
  2 bullfrog zombies
  10 centaur zombies
  8 crimson imps
  4 centaur skeletons
  6 hounds
  2 jellies (D:11)
  26 orc priests
  7 human zombies (Ossuary)
  20 orc wizards
  Crazy Yiuf (D:3)
  7 iguanas
  Terence (D:3)
  Natasha (thrice) (D:3)
  3 bullfrog skeletons
  28 worker ants
  A bullfrog simulacrum (D:11)
  A centaur simulacrum (D:11)
  2 naga skeletons (Volcano)
  2 hound skeletons
  3 mummies (Ossuary)
  6 gnolls
  An adder (shapeshifter) (D:14)
  11 adders
  2 shadow imps
  3 white imps
  3 adder skeletons
  5 worms
  3 dart slugs (D:1)
  4 leopard geckos
  113 orcs
  10 bats
  7 giant cockroaches
  9 goblins
  11 hobgoblins
  17 jackals
  3 quokkas
  4 ball pythons
  5 frilled lizards
  3 goblin skeletons (D:4)
  A goblin zombie (D:4)
  5 hobgoblin zombies (D:4)
  20 kobolds
  A kobold skeleton (D:4)
  A leopard gecko zombie (D:7)
  A quokka skeleton (D:10)
  9 rats
  A bush (Lair:6)
  3 fungi
  7 plants
1333 creatures vanquished.

Vanquished Creatures (collateral kills)
  3 kobolds (D:10)
3 creatures vanquished.

Vanquished Creatures (others)
  A spark wasp (Spider:4)
  A vampire mage (D:15)
  A flying skull (Volcano)
  A basilisk (Lair:6)
  An orc warrior (Orc:2)
  An orc priest (Orc:2)
  A killer bee zombie (D:8)
  2 bushes
  26 fungi
  A lurking horror (Abyss:1)
  18 plants
54 creatures vanquished.

Grand Total: 1390 creatures vanquished

Notes
Turn   | Place    | Note
-------+----------+-------------------------------------------
     0 | Abyss:1  | Gargoyl the Centaur Abyssal Knight began the quest for the Orb.
     0 | Abyss:1  | Reached XP level 1. HP: 19/19 MP: 2/2
     6 | Abyss:1  | Found a corrupted altar of Lugonu.
    32 | Abyss:1  | Noticed a ynoxinul
    68 | Abyss:2  | Got a pitted tin ring
    69 | Abyss:2  | Identified the ring of Benkir {+Fly Int+7 Stlth+} (You found it on level 2 of the Abyss)
   123 | Abyss:3  | Noticed a smoke demon
   124 | D:1      | Escaped the Abyss
   231 | D:1      | Reached * piety under Lugonu
   232 | D:1      | Reached XP level 2. HP: 16/26 MP: 3/3
   815 | D:1      | Reached XP level 3. HP: 27/31 MP: 5/5
  1119 | D:2      | Reached ** piety under Lugonu
  1494 | D:2      | Found a snail-covered altar of Cheibriados.
  1549 | D:2      | Reached XP level 4. HP: 38/38 MP: 6/6
  1731 | D:3      | Noticed Natasha
  1738 | D:3      | Killed Natasha
  1811 | D:3      | Found a glowing drain.
  1854 | Sewer    | Entered a sewer
  2029 | Sewer    | Noticed Purgy
  2035 | Sewer    | Killed Purgy
  2035 | Sewer    | Reached XP level 5. HP: 18/45 MP: 7/7
  2373 | D:3      | Reached XP level 6. HP: 21/51 MP: 8/8
  2856 | D:3      | Noticed Terence
  2866 | D:3      | Killed Terence
  2866 | D:3      | Reached *** piety under Lugonu
  2962 | D:3      | Noticed Natasha
  2969 | D:3      | Killed Natasha
  3025 | D:3      | Found a hazy altar of Hepliaklqana.
  3395 | D:3      | Noticed Natasha
  3400 | D:3      | Killed Natasha
  3485 | D:3      | Found a runed door.
  3489 | D:3      | Noticed Crazy Yiuf
  3495 | D:3      | Killed Crazy Yiuf
  3495 | D:3      | Reached skill level 1 in Dodging
  3728 | D:4      | Gained mutation: You are robust. (+10% HP) [potion of mutation]
  3728 | D:4      | Gained mutation: You possess an exceptional clarity of mind. [potion of mutation]
  3848 | D:4      | Reached XP level 7. HP: 30/63 MP: 10/10
  4055 | D:4      | Found a glowing golden altar of the Shining One.
  4075 | D:4      | Reached **** piety under Lugonu
  4110 | D:4      | Found a radiant altar of Vehumet.
  4132 | D:4      | Found a sand-covered staircase.
  4141 | Ossuary  | Entered an ossuary
  4481 | Ossuary  | Reached XP level 8. HP: 42/72 MP: 11/11
  4658 | Ossuary  | Reached skill level 5 in Axes
  4799 | D:4      | Found a staircase to the Ecumenical Temple.
  5254 | D:5      | Entered Level 5 of the Dungeon
  5372 | D:5      | Reached skill level 5 in Invocations
  5471 | D:5      | Reached skill level 5 in Armour
  5672 | D:5      | Found a runed door.
  5789 | D:5      | Found an opulent altar of Gozag.
  5893 | D:6      | Reached ***** piety under Lugonu
  5921 | D:6      | Reached skill level 1 in Throwing
  6035 | D:6      | Found a white marble altar of Elyvilon.
  6050 | D:6      | Reached skill level 5 in Fighting
  6197 | D:6      | Reached XP level 9. HP: 65/81 MP: 13/13
  7457 | D:7      | Noticed hofbold's ghost (novice GrGl)
  7487 | D:7      | Killed hofbold's ghost
  8050 | D:8      | Noticed a two-headed ogre
  8075 | D:8      | Killed a two-headed ogre
  8075 | D:8      | Reached XP level 10. HP: 21/91 MP: 13/15
  8341 | D:8      | Noticed Maurice
  8369 | D:8      | Killed Maurice
  8963 | D:8      | Found a basalt altar of Yredelemnul.
  8963 | D:8      | Found a sparkling altar of Nemelex Xobeh.
  8964 | D:8      | Noticed FortKnight's ghost (novice TrBe)
  9432 | D:8      | Found a shattered altar of Ashenzari.
  9494 | D:8      | Found a bloodstained altar of Trog.
  9832 | D:9      | Noticed Joseph
  9850 | D:9      | Killed Joseph
 10407 | D:9      | Noticed a two-headed ogre
 10418 | D:9      | Killed a two-headed ogre
 10418 | D:9      | Reached skill level 1 in Evocations
 10658 | D:9      | Found a hide-covered altar of Uskayaw.
 10755 | D:9      | Found a glowing silver altar of Zin.
 10759 | D:9      | Noticed an angel
 10873 | D:9      | Found a shimmering altar of Xom.
 10893 | D:9      | Noticed a two-headed ogre
 10912 | D:9      | Killed a two-headed ogre
 11269 | D:9      | Reached XP level 11. HP: 51/100 MP: 16/16
 11652 | D:9      | Reached ****** piety under Lugonu
 11786 | D:9      | Found a shadowy altar of Dithmenos.
 11941 | D:10     | Entered Level 10 of the Dungeon
 11969 | D:10     | Found a staircase to the Orcish Mines.
 12605 | D:10     | Identified a scroll of acquirement
 12743 | D:10     | Noticed Fannar
 12758 | D:10     | Killed Fannar
 12915 | D:10     | Found a staircase to the Lair.
 12965 | D:10     | Noticed a two-headed ogre
 12974 | D:10     | Killed a two-headed ogre
 13588 | Lair:1   | Entered Level 1 of the Lair of Beasts
 13777 | Lair:1   | Noticed RUZZLEFAZAZZLE's ghost (journeyman HOFi)
 13963 | Lair:1   | Killed RUZZLEFAZAZZLE's ghost
 14353 | Lair:1   | Reached skill level 1 in Shields
 14370 | Lair:2   | Noticed a five-headed hydra
 14379 | Lair:2   | Killed a one-headed hydra
 14646 | Lair:2   | Found a labyrinth entrance.
 14655 | Lab      | Entered a labyrinth
 15023 | Lab      | Noticed a minotaur
 15034 | Lab      | Killed a minotaur
 15034 | Lab      | Reached XP level 12. HP: 110/110 MP: 18/18
 15040 | Lab      | Got a fine war axe
 15040 | Lab      | Got a translucent war axe
 15353 | Lair:2   | Identified the cursed +2 war axe of the Reaper {chop, rF- Str+8} (You found it in a labyrinth)
 15358 | Lair:2   | Identified the +4 war axe of Pemaufo {vamp, -Tele MR+ Dex+3} (You found it in a labyrinth)
 15840 | Lair:1   | Reached skill level 10 in Axes
 15988 | Lair:1   | Reached skill level 10 in Armour
 16495 | Lair:2   | Noticed Sonja
 16722 | Lair:2   | Cast into level 1 of the Abyss (Sonja)
 16723 | Abyss:1  | Noticed a purple very ugly thing
 16724 | Abyss:1  | Noticed a cacodemon
 16781 | Lair:2   | Escaped the Abyss
 16896 | Lair:2   | Cast into level 1 of the Abyss (Sonja)
 16896 | Abyss:1  | Found a corrupted altar of Lugonu.
 16964 | Lair:2   | Escaped the Abyss
 17018 | Lair:2   | Killed Sonja
 17494 | Lair:2   | Found a staircase to the Shoals.
 18120 | Lair:3   | Found a hole to the Spider Nest.
 18296 | Lair:3   | Reached skill level 10 in Invocations
 18525 | Lair:3   | Reached XP level 13. HP: 85/118 MP: 20/20
 19378 | Lair:4   | Noticed Nergalle
 19393 | Lair:4   | Killed Nergalle
 21370 | Lair:5   | Found a dark tunnel.
 21379 | Volcano  | Entered a volcano
 22764 | Lair:5   | Reached XP level 14. HP: 128/129 MP: 22/22
 22969 | Lair:5   | Found the +7 Kryia's mail coat {PotionHeal*2 rC+}
 23410 | Lair:6   | Entered Level 6 of the Lair of Beasts
 25019 | Lair:6   | Found a viscous altar of Jiyva.
 25019 | Lair:6   | Found a staircase to the Slime Pits.
 25763 | D:11     | Noticed Harold
 25776 | D:11     | Killed Harold
 25911 | D:11     | Got a polished centaur barding
 25917 | D:11     | Identified the +3 centaur barding of Kikubaaqudgha {Int+2 Dex+4} (You acquired it on level 11 of the Dungeon)
 26070 | D:11     | Reached skill level 10 in Fighting
 26189 | D:11     | Found a roughly hewn altar of Beogh.
 26838 | D:12     | Found a frozen archway.
 27131 | IceCv    | Entered an ice cave
 27563 | IceCv    | Reached XP level 15. HP: 124/137 MP: 24/24
 27638 | IceCv    | Got a crude chain mail
 27649 | IceCv    | Identified the +2 chain mail of Rinluamusy {+Blink rElec MR- Dex-4} (You found it in an ice cave)
 27969 | IceCv    | Noticed a frost giant
 27995 | IceCv    | Killed a frost giant
 31033 | D:13     | Noticed a frost giant
 31051 | D:13     | Killed a frost giant
 31353 | D:13     | Identified Fiky's Tome of the Frostbite and Flames
 32118 | D:14     | Found a gate to the Vaults.
 32606 | D:14     | Reached skill level 5 in Shields
 33122 | D:15     | Entered Level 15 of the Dungeon
 33350 | D:15     | Found a staircase to the Depths.
 33369 | D:15     | Reached XP level 16. HP: 56/149 MP: 25/25
 34347 | D:15     | HP: 5/150 [skeletal warrior/war axe[a skeletal warrior] (19)]
 34347 | D:15     | HP: 2/150 [skeletal warrior/mace[a skeletal warrior] (3)]
 35599 | Orc:1    | Entered Level 1 of the Orcish Mines
 35976 | Orc:2    | Entered Level 2 of the Orcish Mines
 36024 | Orc:2    | Found Fycselis's Distillery.
 36032 | Orc:2    | Bought a potion of heal wounds for 75 gold pieces
 36386 | Orc:2    | Found Sumienn's Antique Armour Shop.
 36394 | Orc:2    | Found a staircase to the Elven Halls.
 36503 | Orc:2    | Paralysed by an orc sorcerer for 2 turns
 36537 | Orc:2    | Found Lollol's Magic Scroll Emporium.
 36721 | Orc:2    | Found Guaxzigh's Gadget Shop.
 36726 | Orc:2    | Bought a scroll of enchant armour for 97 gold pieces
 36726 | Orc:2    | Bought a scroll of blinking for 97 gold pieces
 36826 | Orc:2    | Bought a runed cloak for 172 gold pieces
 36894 | Orc:2    | Found Lotreime's Armour Shop.
 36894 | Orc:2    | Found Lickoinui's Armour Emporium.
 37360 | Orc:2    | Found Acupan's Magic Scroll Shop.
 37360 | Orc:2    | Found Vemetial's Food Emporium.
 37377 | Orc:2    | Bought the +3 crown of Dyrovepreva {rElec Int+2 SInv} for 662 gold pieces
 37377 | Orc:2    | Found the +3 crown of Dyrovepreva {rElec Int+2 SInv}
 37393 | Orc:2    | Bought the cursed +0 helmet of the Thirsty Lovers {Str+10 Stlth+} for 484 gold pieces
 37404 | Orc:2    | Upgraded the game from 0.21.1 to 0.21.1-1-g345015fe64
 37649 | Spider:1 | Entered Level 1 of the Spider Nest
 37933 | Spider:1 | Noticed hofbold's ghost (adept GrGl)
 38162 | Spider:1 | Killed hofbold's ghost
 40805 | Spider:3 | Reached XP level 17. HP: 152/160 MP: 27/27
 41774 | Spider:4 | Entered Level 4 of the Spider Nest
 45710 | Spider:4 | Got a gossamer rune of Zot
 46233 | Vaults:1 | Entered Level 1 of the Vaults
 47183 | Vaults:1 | Reached XP level 18. HP: 171/171 MP: 29/29
 48150 | Vaults:1 | Reached skill level 15 in Armour
 48211 | Vaults:1 | Reached skill level 15 in Axes
 49366 | Vaults:2 | Reached skill level 15 in Invocations
 49386 | Vaults:2 | Noticed mora's ghost (adept MiBe)
 49976 | Vaults:2 | Escaped the Abyss
 49976 | Vaults:2 | Slain by an orc knight

Skill      XL: |  1  2  3  4  5  6  7  8  9 10 11 12 13 14 15 16 17 18 |
---------------+-------------------------------------------------------+-----
Armour         | 2 3 4 5 7 8 9 10 11 12 13 14 15 | 15.1
Invocations    | 3 4 5 6 7 9 10 12 13 14 15 | 15.1
Axes           | 2 3 4 6 7 8 9 10 11 12 13 14 15 | 15.2
Dodging        | 1 2 3 4 |  4.0
Fighting       | 4 5 6 7 8 9 10 11 12 13 | 13.6
Throwing       | 1 2 3 |  3.4
Evocations     | 1 |  1.6
Shields        | 1 2 3 4 5 6 7 |  7.8

Action                   |  1- 3 |  4- 6 |  7- 9 | 10-12 | 13-15 | 16-18 || total
-------------------------+-------+-------+-------+-------+-------+-------++-------
Melee: Hand axe          |    79 |   135 |   469 |   747 |  1161 |  1273 ||  3864
       Kick              |    21 |    30 |   149 |   233 |   479 |   719 ||  1631
Throw: Tomahawk          |       |       |     8 |    23 |     6 |    11 ||    48
Invok: Depart the Abyss  |     1 |       |       |     2 |       |     1 ||     4
       Banish            |       |       |       |     1 |       |     3 ||     4
       Bend Space        |       |       |       |     1 |     1 |     1 ||     3
       Enter the Abyss   |       |       |       |       |       |     1 ||     1
 Abil: Evoke Berserk Rag |       |       |       |     4 |       |       ||     4
Evoke: Wand              |       |     2 |     1 |     8 |     5 |       ||    16
  Use: Scroll            |     4 |    12 |    10 |    21 |     8 |     8 ||    63
       Potion            |       |     1 |       |     3 |     1 |     8 ||    13
 Stab: Distracted        |       |       |       |       |     1 |     1 ||     2
  Eat: Chunk             |     1 |     6 |     7 |    21 |    32 |    30 ||    97
       Ration            |       |       |     2 |     6 |     3 |     5 ||    16
Armor: Leather armour    |     6 |       |       |       |       |       ||     6
       Chain mail        |    60 |   110 |   210 |       |   530 |   950 ||  1860
       Plate armour      |       |       |    88 |   454 |   148 |       ||   690
Dodge: Dodged            |    27 |    32 |    84 |   149 |   209 |   311 ||   812
Block: Buckler           |       |       |       |    98 |   334 |   433 ||   865
